 Dungeon Crawl Stone Soup version 0.8.0-178-g5053f60 character file.

19823 RFHolloway the Grappler (level 12, -1/103 (107) HPs)
             Began as a Troll Monk on July 12, 2011.
             Was an Elder of Nemelex Xobeh.
             Slain by a ten-headed hydra (11 damage)
             ... on Level 14 of the Dungeon on July 13, 2011.
             The game lasted 03:20:59 (13108 turns).

RFHolloway the Grappler (Troll Monk)               Turns: 13108, Time: 03:20:59

HP  -1/103 (107) AC 14     Str 22 Exp: 12/26696 (1080), need: 16803
MP   7/7         EV 10     Int 13      God: Nemelex Xobeh [****..]
Gold 1136        SH 17     Dex 12      Spells:  0 memorised, 13 levels left

Res.Fire  : . . .   See Invis. : .     - Unarmed
Res.Cold  : . . .   Warding    : . . W - +2 robe
Life Prot.: . . .   Conserve   : .   h - +1 dwarf shield
Res.Acid. : . . .   Res.Corr.  : .   Y - +2 orc wizard hat
Res.Poison: .       Clarity    : .   (no cloak)
Res.Elec. : .       Spirit.Shd : .   (gloves unavailable)
Sust.Abil.: . .     Stasis     : .   (boots unavailable)
Res.Mut.  : .       Ctrl.Telep.: .   (no amulet)
Res.Rott. : .       Levitation : .   K - +3 ring of intelligence
Gourmand  : +       Ctrl.Flight: .   p - +5 ring of protection

@: somewhat resistant to hostile enchantments, unstealthy
A: unfitting armour, claws 3, fast metabolism 3, gourmand, regeneration 2,
saprovore 2, tough skin 2, AC +1
a: Draw One, Peek at Two, Triple Draw, Mark Four, Renounce Religion


You were on level 14 of the Dungeon.
You worshipped Nemelex Xobeh.
Nemelex Xobeh was extremely pleased with you.
You were full.

You visited 2 branches of the dungeon, and saw 15 of its levels.
You visited 1 portal chamber: bailey.

You collected 1251 gold pieces.
You spent 115 gold pieces at shops.

Inventory:

Hand weapons
 J - a +0 blowgun
Missiles
 F - a +0 large rock (quivered)
 O - 8 curare-tipped +0 needles
 X - 5 +0 needles of slowing
Armour
 h - a +1 dwarven shield (worn)
 W - a +2 robe (worn)
 Y - a +2 orcish wizard hat (worn)
Magical devices
 f - a wand of magic darts (16)
 s - a wand of cold (6)
 y - a wand of slowing (22) {unknown}
 z - a wand of confusion (7) {unknown}
 D - a wand of confusion (7) {unknown}
Comestibles
 b - 6 meat rations
 C - 9 bread rations
Scrolls
 d - 2 scrolls of immolation
 i - 9 scrolls of remove curse
 m - a scroll of magic mapping
 t - 4 scrolls of blinking
 u - 2 scrolls of identify
 v - 4 scrolls of detect curse
 T - 3 scrolls of fear
Jewellery
 p - a +5 ring of protection (left hand)
 B - an uncursed amulet of rage
 I - an uncursed amulet of resist corrosion
 K - a +3 ring of intelligence (right hand)
 N - an uncursed amulet of warding
 U - an uncursed amulet of controlled flight
 Z - an uncursed ring of life protection {unknown}
Potions
 c - a potion of blood {unknown}
 j - 5 potions of healing
 k - a potion of heal wounds
 l - 2 potions of slowing
 n - a potion of resistance {unknown}
 o - 2 potions of agility
 r - a potion of speed
 w - a potion of gain strength {unknown}
 x - a potion of paralysis {unknown}
 E - 2 potions of invisibility {unknown}
 G - 2 potions of restore abilities {unknown}
 R - 3 potions of might
 V - a potion of gain intelligence {unknown}
Books
 a - a book of War Chants

   Spells                             Type                      Level
   Fire Brand                         Charms/Fire                  2
   Freezing Aura                      Charms/Ice                   2
   Repel Missiles                     Charms/Air                   2
   Berserker Rage                     Charms                       3
   Regeneration                       Charms/Necromancy            3
   Silence                            Charms/Air                   5
 H - a book of Transfigurations

   Spells                             Type                      Level
   Stoneskin                          Transmutation/Earth          2
   Condensation Shield                Ice/Transmutation            4
   Ice Form                           Ice/Transmutation            4
   Statue Form                        Transmutation/Earth          6
   Dragon Form                        Fire/Transmutation           8
Magical staves
 L - a staff of cold
Miscellaneous
 e - a plain deck of escape {drawn: 1} {god gift}
 q - a plain deck of summonings {drawn: 5} {god gift}
 A - a legendary deck of summonings {god gift}
 M - a plain deck of summonings {god gift}
 P - an ornate deck of destruction {drawn: 4}
 Q - a plain deck of destruction {drawn: 1} {god gift}
 S - an ornate deck of summonings {god gift} You had 1080 experience left.


   Skills:
 + Level 6 Fighting
 + Level 8 Throwing
 + Level 8 Dodging
 - Level 1 Stealth
 + Level 14 Unarmed Combat
 + Level 1 Spellcasting


You had 13 spell levels left.
You didn't know any spells.

Dungeon Overview and Level Annotations

Branches:
Dungeon (14/27)            Temple (1/1) D:6             Orc (0/4) D:9
   Lair (0/8) D:9
   Hive: D:11-16      Vault: D:14-19

Altars:
Ashenzari
Cheibriados
Elyvilon
Fedhas
Kikubaaqudgha
Makhleb
Nemelex Xobeh
Okawaru
Sif Muna
The Shining One
Trog
Vehumet
Xom
Yredelemnul
Zin

Shops:
D:4: * D:7: * D:14: (=*(*


Innate Abilities, Weirdness & Mutations

You are too large for most types of armour.
You have claws for hands.
Your metabolism is lightning-fast.
You like to eat raw meat.
You heal very quickly.
You can eat rotten meat.
You are covered in fur (AC +1).
You have very tough skin (AC +2).


Message History

The ten-headed hydra misses you. The ten-headed hydra bites you!
* * * LOW HITPOINT WARNING * * *
The ten-headed hydra bites you!
* * * LOW HITPOINT WARNING * * *
The ten-headed hydra bites you!
You die...
Your body glows slightly and disappears.

░ ░░░░·░ ▒∙∙∙∙∙∙∙∙··░ ░
░····░ ▒∙∙∙∙∙∙∙∙∙·░ ▒
░····▒▒▒∙∙∙∙∙∙∙∙∙∙░
▒░░░░·····∙∙∙∙∙∙∙∙∙∙∙∙░
∙········░░▒∙∙∙∙∙∙∙∙∙∙░
▒░░░░····░ ▒∙∙∙(∙D∙F∙∙▒ ▒
░░·░░░ ░░▒F▒░░░░░░░ ▒ ░·░
▒D▒ ▒ ░·░ ▒@▒▒▒▒▒▒▒▒▒▒ ▒
▒∙░ ▒▒∙∙∙∙∙∙∙∙∙∙▒ ▒ ▒∙▒
▒∙∙∙∙∙∙∙∙∩∙∙▒ ▒∙▒
▒∙▒∙∙∙∙∙∙∙∙∙▒
▒▒▒▒▒▒∙▒▒▒▒▒▒∙▒∙∙∙∙∙∙∙∙∙▒
∙∙∙∙∙∙∙∙∙?▒▒∙∙▒∙∙∙∙∙∙∙∙∙▒
∙∙∙∙∙∙∙∙∙∙▒∙∙▒▒∙∙∙∙%∙∙∙∙▒
∙∙∙∙∙∙∙∙∙∙▒∙▒▒▒∙∙∙∩∙∙∙∙∙▒
∙∙∙∙∙∙∙∙∙∙∙∙▒ ▒▒∙▒▒▒▒▒▒▒▒


You could see a ten-headed hydra (bleeding) and a giant toad.

Vanquished Creatures
  Maud (D:14)
  A centaur warrior (D:14)
  Erolcha (D:10)
  5 hill giants
  A hydra zombie (D:12)
  A dancing weapon (D:11)
  2 cyclopes
  A trapdoor spider zombie (D:12)
  3 weapon mimics
  Psyche (D:12)
  A komodo dragon (D:11)
  2 trolls (D:12)
  Sonja (D:11)
  4 giant toads
  Edmund (D:5)
  A blink frog skeleton (D:11)
  16 yaks
  The ghost of Syc0phant the Cudgeler, an average DSWr of Nemelex Xobeh (D:6)
  3 hippogriffs
  6 centaurs
  2 hungry ghosts
  A soldier ant (D:11)
  The ghost of Rule42 the Chucker, an average KoAs (D:4)
  A manticore (D:11)
  An ice beast (D:10)
  14 orc warriors
  Menkaure (D:6)
  6 ogres
  A gila monster (D:13)
  A boulder beetle zombie (D:14)
  A water moccasin (D:12)
  3 giant frogs
  2 big kobolds
  2 crocodiles (D:11)
  Blork the orc (D:6)
  14 killer bees
  4 wights (D:9)
  2 big kobold zombies (D:11)
  A gila monster zombie (D:11)
  3 imps
  2 quasits
  2 goliath beetles
  A big kobold skeleton (D:11)
  8 orc priests
  A shadow (D:11)
  A hound zombie (D:5)
  2 scorpions
  A worker ant zombie (D:9)
  5 worker ants
  5 hounds
  An iguana (D:9)
  12 orc wizards
  3 jellies
  A goliath beetle zombie (D:12)
  9 gnolls
  20 snakes
  A giant centipede (D:14)
  An iguana skeleton (D:12)
  A scorpion zombie (D:5)
  3 worms
  5 giant geckos
  3 oozes
  57 orcs
  10 giant cockroaches
  37 goblins
  31 hobgoblins
  7 giant newts
  4 jackals
  A jackal skeleton (D:5)
  32 kobolds
  15 megabats
  An orc skeleton (D:10)
  4 quokkas
  26 rats
  4 small snakes
  3 ballistomycetes (D:9)
435 creatures vanquished.

Vanquished Creatures (collateral kills)
  An orc warrior (D:9)
  A centaur (D:8)
  A wight (D:9)
  A giant mite (D:9)
  An orc (D:9)
  3 hobgoblins (Port)
  A kobold (D:9)
  A quokka (D:8)
10 creatures vanquished.

Vanquished Creatures (others)
  A human (D:7)
  An iron imp (Port)
  An orc (D:9)
  A giant spore (D:9)
  3 toadstools
7 creatures vanquished.

Grand Total: 452 creatures vanquished

Notes
Turn   | Place    | Note
--------------------------------------------------------------
     0 | D:1      | RFHolloway, the Troll Monk, began the quest for the Orb.
     0 | D:1      | Reached XP level 1. HP: 16/16 MP: 0/0
   184 | D:1      | Reached XP level 2. HP: 17/23 MP: 0/0
   696 | D:1      | Reached XP level 3. HP: 31/31 MP: 1/1
  1550 | D:2      | Reached XP level 4. HP: 38/38 MP: 1/1
  1745 | D:2      | Found a radiant altar of Vehumet.
  2020 | D:3      | Found a glowing silver altar of Zin.
  2378 | D:3      | Reached skill level 5 in Unarmed Combat
  2384 | D:3      | Reached XP level 5. HP: 29/46 MP: 1/1
  2786 | D:4      | Found Ezuts' General Store.
  2787 | D:4      | Found a burning altar of Makhleb.
  2972 | D:4      | Noticed Rule42's ghost (average KoAs)
  2991 | D:4      | Reached XP level 6. HP: 21/53 MP: 2/2
  3000 | D:4      | Reached skill level 6 in Unarmed Combat
  3000 | D:4      | Defeated Rule42's ghost
  3072 | D:4      | Reached skill level 1 in Throwing
  3206 | D:5      | Entered Level 5 of the Dungeon
  3280 | D:5      | Noticed Edmund
  3316 | D:5      | HP: 2/54 [Edmund/runed flail (5)]
  3317 | D:5      | Defeated Edmund
  3317 | D:5      | Reached XP level 7. HP: 2/62 MP: 2/2
  3321 | D:5      | HP: 2/62 [poisoned by a snake]
  3483 | D:5      | Reached skill level 7 in Unarmed Combat
  3837 | D:6      | Noticed Syc0phant's ghost (average DSWr)
  4181 | D:6      | Defeated Syc0phant's ghost
  4181 | D:6      | Reached XP level 8. HP: 69/69 MP: 2/2
  4246 | D:6      | Found a staircase to the Ecumenical Temple.
  4252 | Temple   | Entered the Ecumenical Temple
  4355 | D:6      | Found an iron altar of Okawaru.
  4386 | D:6      | Found a glowing silver altar of Zin.
  4528 | D:6      | Noticed Blork the orc
  4536 | D:6      | Reached skill level 8 in Unarmed Combat
  4537 | D:6      | Defeated Blork the orc
  4561 | D:6      | Noticed Menkaure
  4568 | D:6      | Defeated Menkaure
  4689 | D:7      | Reached skill level 1 in Stealth
  4702 | D:7      | Found a blossoming altar of Fedhas.
  4755 | D:7      | Got an ancient helmet
  4922 | D:7      | Found Vaabies' General Store.
  4945 | D:7      | Found a sparkling altar of Nemelex Xobeh.
  4952 | D:7      | Became a worshipper of Nemelex Xobeh
  4977 | D:7      | Received a gift from Nemelex Xobeh
  4977 | D:7      | Acquired Nemelex Xobeh's first power
  5205 | D:7      | Reached skill level 5 in Dodging
  5482 | D:7      | Found an ancient bone altar of Kikubaaqudgha.
  5669 | D:8      | Reached XP level 9. HP: 79/79 MP: 3/3
  5716 | D:8      | Reached skill level 9 in Unarmed Combat
  5905 | D:8      | Reached skill level 5 in Throwing
  6659 | D:9      | Acquired Nemelex Xobeh's second power
  6659 | D:9      | Received a gift from Nemelex Xobeh
  6807 | D:9      | Found a staircase to the Lair.
  7043 | D:9      | Received a gift from Nemelex Xobeh
  7078 | D:9      | Found a staircase to the Orcish Mines.
  7558 | D:10     | Entered Level 10 of the Dungeon
  7569 | D:10     | Noticed Jozef
  7656 | D:10     | Reached skill level 10 in Unarmed Combat
  7657 | D:10     | Reached XP level 10. HP: 22/87 MP: 2/3
  8152 | D:10     | You fall through a shaft!
  8396 | D:11     | Noticed Sonja
  8408 | D:11     | Noticed a scimitar
  8409 | D:11     | Defeated a hammer
  8421 | D:11     | Reached skill level 11 in Unarmed Combat
  8424 | D:11     | Defeated Sonja
  8568 | D:11     | Received a gift from Nemelex Xobeh
  8703 | D:11     | Reached skill level 5 in Fighting
  9524 | D:11     | Found a frozen archway.
  9598 | D:11     | Reached skill level 12 in Unarmed Combat
  9607 | D:11     | Reached XP level 11. HP: 65/93 MP: 3/3
  9913 | D:10     | Noticed Erolcha
  9922 | D:10     | Defeated Erolcha
 10404 | D:12     | Acquired Nemelex Xobeh's third power
 10488 | D:12     | Noticed Psyche
 10500 | D:12     | Defeated Psyche
 10815 | D:12     | Reached skill level 13 in Unarmed Combat
 11412 | D:13     | Received a gift from Nemelex Xobeh
 12059 | D:14     | Found Deomuary's General Store.
 12161 | D:14     | Found Kibaw's Weapon Shop.
 12195 | D:14     | Reached XP level 12. HP: 57/103 MP: 4/4
 12219 | D:14     | Found a flagged portal. 12233
                  | bailey
                  | Entered the bailey 12427
                  | bailey
                  | Received a gift from Nemelex Xobeh 12555
                  | bailey
                  | Acquired Nemelex Xobeh's fourth power
 12679 | D:14     | Found Phujyuk's Jewellery Shop.
 12750 | D:14     | Reached skill level 14 in Unarmed Combat
 12775 | D:14     | Noticed Maud
 12776 | D:14     | Received a gift from Nemelex Xobeh
 12788 | D:14     | Defeated Maud
 12890 | D:14     | Reached skill level 1 in Spellcasting
 13040 | D:14     | Bought 2 potions of slowing for 3 gold pieces
 13040 | D:14     | Bought a potion of might for 40 gold pieces
 13040 | D:14     | Bought a scroll of fear for 72 gold pieces
 13075 | D:14     | Found Rodep's Assorted Antiques.
 13076 | D:14     | Found Puist's Weapon Boutique.
 13108 | D:14     | Slain by a ten-headed hydra
